 Dungeon Crawl Stone Soup version 0.21-a0-216-g6d3fd91 (webtiles) character file.

104 roguesci the Charmwright (level 4, 0/33 HPs)
             Began as a Demonspawn Skald on Aug 23, 2017.
             Succumbed to a gnoll's poison
             ... on level 3 of the Dungeon.
             The game lasted 00:07:38 (3296 turns).

roguesci the Charmwright (Demonspawn Skald)         Turns: 3296, Time: 00:07:39

Health: 0/33       AC:  5    Str: 17    XL:     4   Next: 52%
Magic:  3/8        EV: 12    Int: 14    God:
Gold:   106        SH:  0    Dex: 13    Spells: 5/8 levels left

rFire    + . .     SeeInvis .   a - +0 hand axe
rCold    + + .     Gourm    .   (no shield)
rNeg     . . .     Faith    .   l - +2 leather armour {rF+}
rPois    .         Spirit   +   (no helmet)
rElec    .         Reflect  .   (no cloak)
rCorr    .         Harm     .   (no gloves)
MR       .....                  (no boots)
Stlth    +.........             q - amulet of guardian spirit
HPRegen  0.11/turn              b - ring of protection from cold
MPRegen  0.11/turn              (no ring)

@: mighty, lethally poisoned (0 -> -14), hasted, very quick
A: cold resistance 1, demonic guardian 1
a: no special abilities


You were on level 3 of the Dungeon.
You were not hungry.

You visited 1 branch of the dungeon, and saw 3 of its levels.

You collected 106 gold pieces.

Inventory:

Hand Weapons
 a - a +0 hand axe (weapon)
Missiles
 g - 100 stones (quivered)
Armour
 l - a +2 leather armour of fire resistance (worn)
Jewellery
 b - a ring of protection from cold (left hand)
 q - an amulet of guardian spirit (around neck)
Wands
 o - a wand of lightning (6/15)
Scrolls
 e - a scroll of amnesia {unknown}
 f - 2 scrolls of identify {unknown}
 j - a scroll of fog {unknown}
 k - 2 scrolls of immolation {unknown}
 p - a scroll of remove curse {unknown}
 s - a scroll of magic mapping {unknown}
Books
 c - a book of Battle

   Spells                             Type                      Level
   a - Infusion                       Charms                       1
   b - Shroud of Golubria             Charms/Translocation         2
   c - Song of Slaying                Charms                       2
   d - Spectral Weapon                Hexes/Charms                 3
   e - Regeneration                   Charms/Necromancy            3
Comestibles
 d - a bread ration
 i - a meat ration
 r - a chunk of flesh


   Skills:
 + Level 2.2 Fighting
 + Level 2.2 Axes
 * Level 1.6 Armour
 * Level 2.5 Dodging
 + Level 0.8 Stealth
 * Level 2.6 Spellcasting
 + Level 3.1 Charms


You had 5 spell levels left.
You knew the following spells:

 Your Spells              Type           Power        Failure   Level  Hunger
a - Infusion              Chrm           ##..         7%          1    #......
b - Shroud of Golubria    Chrm/Tloc      #.........   21%         2    ###....


Dungeon Overview and Level Annotations

Branches:
Dungeon (3/15)

Altars:


Innate Abilities, Weirdness & Mutations

Your flesh is cold resistant. (rC+)
A weak demonic guardian rushes to your aid.


Message History

* * * LOW HITPOINT WARNING * * *
You feel sick.
* * * LOW HITPOINT WARNING * * *
You feel sick.
* * * LOW HITPOINT WARNING * * *
You feel sick.
* * * LOW HITPOINT WARNING * * *
You feel sick.
* * * LOW HITPOINT WARNING * * *
You feel sick.
* * * LOW HITPOINT WARNING * * *
You feel sick.
Found 15 gold pieces.
* * * LOW HITPOINT WARNING * * *
You feel sick.
* * * LOW HITPOINT WARNING * * *
You feel sick.
* * * LOW HITPOINT WARNING * * *
You feel sick.
You die...

#.###.###.#######
#.## ...#.#
#.#....g# #
#.#.###.#g###.#
#..#.........#
g.#
.$.....###.###
#.# ###.....# .#
#.##### ##
###.### #..@..#
#.....# #.....#
#.....# #.....#
#######


There were no monsters in sight!

Vanquished Creatures
  A gnoll (D:3)
  3 adders
  2 worms (D:2)
  2 leopard geckos (D:1)
  An orc (D:3)
  6 bats
  3 giant cockroaches
  11 goblins
  7 hobgoblins
  5 kobolds
  A quokka (D:2)
  7 frilled lizards
  11 rats
60 creatures vanquished.

Notes
Turn   | Place    | Note
-------+----------+-------------------------------------------
     0 | D:1      | roguesci the Demonspawn Skald began the quest for the Orb.
     0 | D:1      | Reached XP level 1. HP: 16/16 MP: 3/3
   271 | D:1      | Reached skill level 1 in Armour
   657 | D:1      | Gained mutation: A weak demonic guardian rushes to your aid. [demonic ancestry]
   657 | D:1      | Reached XP level 2. HP: 16/22 MP: 5/5
  1348 | D:1      | Reached skill level 3 in Charms
  1482 | D:2      | Learned a level 2 spell: Shroud of Golubria
  1566 | D:2      | Gained mutation: Your flesh is cold resistant. (rC+) [demonic ancestry]
  1566 | D:2      | Reached XP level 3. HP: 27/27 MP: 1/6
  2378 | D:2      | Reached XP level 4. HP: 9/33 MP: 0/7
  3295 | D:3      | HP: 1/33 [poisoned by a gnoll]
  3296 | D:3      | Succumbed to a gnoll's poison

Vault maps used:
D:1:      mrwooster_arrival_statue_3, minmay_pentomino_q2
D:2:      corexii_hall_statues_s, kennysheep_big_empty_room

Skill      XL: |  1  2 |
---------------+-------+-----
Dodging        | 2 |  2.5
Armour         | 1 |  1.6
Axes           | 2 |  2.2
Charms         | 3 |  3.1
Fighting       | |  2.2
Stealth        | |  0.8
Spellcasting   | |  2.6

Action                   |  1- 3 |  4- 6 || total
-------------------------+-------+-------++-------
Melee: Hand axe          |   155 |    79 ||   234
 Cast: Shroud of Golubri |     4 |     7 ||    11
       Infusion          |     2 |     2 ||     4
  Use: Potion            |       |     3 ||     3
 Stab: Sleeping          |     1 |       ||     1
  Eat: Chunk             |     5 |     4 ||     9
Armor: Leather armour    |    62 |    18 ||    80
Dodge: Dodged            |   134 |    80 ||   214

Table legend:
 A = Spawn XP
 B = Non-spawn XP
 C = Spawn XP percentage of total XP
 D = Spawn monster count
 E = Non-spawn monster count
 F = Spawn count percentage of total count
 G = Total turns spent on level
                    A         B        C        D         E        F      G
               +---------+---------+-------+---------+---------+-------+---------
         Total |      13 |     136 |   8.7 |       7 |      53 |  11.7 |  3296
               +---------+---------+-------+---------+---------+-------+---------
           D:1 |       8 |      30 |  21.1 |       4 |      20 |  16.7 |  1467
           D:2 |       5 |      67 |   6.9 |       3 |      23 |  11.5 |  1446
           D:3 |       0 |      39 |   0.0 |       0 |      10 |   0.0 |   383
               +---------+---------+-------+---------+---------+-------+---------
